 Dungeon Crawl Stone Soup version 0.29.0-4-gdea44cf6ec (webtiles) character file.

Game seed: 15813865083559552494

147 qw the Sneak (level 5, -2/32 HPs)
             Began as a Gargoyle Delver on Sept 10, 2022.
             Slain by a gnoll bouda
             ... wielding a +0 whip
              (5 damage)
             ... on level 5 of the Dungeon.
             The game lasted 00:00:06 (758 turns).

qw the Sneak (Gargoyle Delver)                       Turns: 758, Time: 00:00:07

Health: -2/32      AC:  7    Str: 18    XL:     5   Next: 29%
Magic:  5/5        EV: 11    Int: 10    God:
Gold:   11         SH:  0    Dex: 11    Spells: 4/4 levels left

rFire   . . .      SeeInvis .   a - +0 hand axe
rCold   . . .      Faith    .   (no shield)
rNeg    + . .      Spirit   .   b - +0 leather armour
rPois   inf        Reflect  .   (no helmet)
rElec   +          Harm     .   (no cloak)
rCorr   .          Rampage  .   (no gloves)
Will    .....                   (no boots)
Stlth   +++.......              (no amulet)
HPRegen 0.10/turn               (no ring)
MPRegen 0.09/turn               (no ring)

@: weakened
A: sickness immunity, AC +4, negative energy resistance 1, electricity
resistance, torment resistance 1, petrification resistance
a: no special abilities


You were on level 5 of the Dungeon.
You visited 1 branch of the dungeon, and saw 1 of its levels.

You collected 11 gold pieces.


Innate Abilities, Weirdness & Mutations

You are immune to sickness and miasma.
Your stone body is resilient. (AC +4)
You are immune to poison.
You resist negative energy. (rN+)
You are resistant to electric shocks. (rElec)
You are resistant to unholy torment.
You are immune to petrification.


   Skills:
 - Level 3.2 Fighting
 + Level 4.8 Axes
 - Level 1.5 Dodging
 - Level 5.4 Stealth


You had 4 spell levels left.
You didn't know any spells.
Your spell library was empty.

Inventory:

Hand Weapons
 a - a +0 hand axe (weapon)
Armour
 b - a +0 leather armour (worn)
Wands
 g - a wand of digging (3)
Scrolls
 c - a scroll of fog
 d - a scroll of magic mapping
 e - a scroll of fear
Potions
 f - a potion of haste

Dungeon Overview and Level Annotations

Branches:
Dungeon (5/15)
 Temple: D:4-7

Altars:


Message History

A gnoll comes into view. It is wielding a +0 halberd.
The gnoll misses you. The shadow imp hits you.
You closely miss the shadow imp.
The shadow imp hits you but does no damage.
The gnoll hits you but does no damage.
You hit the shadow imp.
The shadow imp is heavily wounded.
The gnoll misses you.
The shadow imp hits you but does no damage.
You hit the shadow imp but do no damage.
The shadow imp is heavily wounded.
The shadow imp hits you. The gnoll closely misses you.
You hit the shadow imp.
The shadow imp is almost dead.
The shadow imp shouts, "Remove thy stench, thou villainous ditch-delivered reprobate!"
The shadow imp barely misses you. The gnoll barely misses you.
You hit the shadow imp.
You kill the shadow imp!
752 ||| Stepping ~*~*~tactically~*~*~ (hiding).
You start resting.
A gnoll bouda is nearby!
The gnoll bouda hits you with a +0 whip!
The gnoll hits you from afar with a +0 spear!
You barely miss the gnoll bouda. The gnoll bouda completely misses you.
The gnoll completely misses you.
You closely miss the gnoll bouda.
The gnoll bouda gazes fiercely through you!
You feel your attacks grow feeble.
The gnoll bouda hits you with a +0 whip.
The gnoll hits you from afar with a +0 spear.
You hit the gnoll bouda.
The gnoll bouda is lightly wounded.
The gnoll bouda hits you but does no damage.
The gnoll hits you from afar with a +0 spear.
You hit the gnoll bouda.
The gnoll bouda is moderately wounded.
The gnoll bouda hits you with a +0 whip.
The gnoll hits you from afar with a +0 spear.
The gnoll bouda hits you with a +0 whip.
You die...

#. ... ..# # ##.# #.#
#.# ##. #..# #.#
###.###.# #..###>#
##.##.#...
#..##..###.#.#..#.# #.
#..##.###.###..##.#
###.##..#.....## ##.##.#
#..........###.###..##.#
.#.##.@...# ##.#.#.##.#
#g##..# ##.##.##.# #g
#..# #....#... #g #..#
#..###.## .g .... ....
.. ..### #..## ... ..#
#..# ... .. #..# #..#


You could see a gnoll bouda and 3 gnolls.

Vanquished Creatures
  Menkaure (D:5)
  A jelly (D:5)
  A shadow imp (D:5)
3 creatures vanquished.

Notes
Turn   | Place    | Note
-------+----------+-------------------------------------------
     0 | D:5      | qw the Gargoyle Delver began the quest for the Orb.
     0 | D:5      | Reached XP level 1. HP: 14/14 MP: 1/1
     0 | D:5      | 0 ||| qw: Version: 0.1-a-116-g5d60599
     0 | D:5      | 0 ||| qw: Game counter: 8562
     0 | D:5      | 0 ||| qw: Always use a shield: true
     0 | D:5      | 0 ||| qw: God list: Okawaru
     0 | D:5      | 0 ||| qw: Allow faded altars: false
     0 | D:5      | 0 ||| qw: Do Orc after D:15 true
     0 | D:5      | 0 ||| qw: Do second Lair branch before Depths: true
     0 | D:5      | 0 ||| qw: Lair rune preference: random
     0 | D:5      | 0 ||| qw: Plans: Normal
     0 | D:5      | 0 ||| PLANNING D:1-11
    35 | D:5      | Noticed Menkaure
    36 | D:5      | 36 ||| Stepping ~*~*~tactically~*~*~ (stealth).
    38 | D:5      | 38 ||| Stepping ~*~*~tactically~*~*~ (hiding).
    40 | D:5      | 40 ||| Stepping ~*~*~tactically~*~*~ (hiding).
    52 | D:5      | HP: 3/14 [Menkaure (3)]
    53 | D:5      | Killed Menkaure
    54 | D:5      | Reached XP level 2. HP: 4/19 MP: 2/2
    54 | D:5      | Reached XP level 3. HP: 5/23 MP: 3/3
    54 | D:5      | Reached XP level 4. HP: 6/28 MP: 4/4
   329 | D:5      | Reached XP level 5. HP: 22/32 MP: 5/5
   434 | D:5      | 434 ||| Stepping ~*~*~tactically~*~*~ (hiding).
   536 | D:5      | 536 ||| Stepping ~*~*~tactically~*~*~ (hiding).
   638 | D:5      | 638 ||| Stepping ~*~*~tactically~*~*~ (hiding).
   740 | D:5      | 740 ||| Stepping ~*~*~tactically~*~*~ (hiding).
   752 | D:5      | 752 ||| Stepping ~*~*~tactically~*~*~ (hiding).
   756 | D:5      | HP: 7/32 [gnoll/+0 spear[a gnoll bouda] (5)]
   758 | D:5      | HP: 3/32 [gnoll/+0 spear[a gnoll bouda] (1)]
   758 | D:5      | Slain by a gnoll bouda

Levels and vault maps discovered:
D:5:      layout_loops_ring, serial_shops, nicolae_shop_hallway_stairs,
          uniq_menkaure

Skill      XL: |  1 |
---------------+----+-----
Axes           | 4 |  4.8
Fighting       | |  3.2
Dodging        | |  1.5
Stealth        | |  5.4

Action                   |  1- 3 |  4- 6 || total
-------------------------+-------+-------++-------
Melee: Hand axe          |     9 |    13 ||    22
Armor: Leather armour    |     1 |     6 ||     7
Dodge: Dodged            |     4 |     8 ||    12

Table legend:
 A = Non-vault XP
 B = Vault XP
 C = Vault XP percentage of total XP
 D = Non-vault monster count
 E = Vault monster count
 F = Vault count percentage of total count
                 A         B        C        D         E       F
            +---------+---------+-------+---------+---------+-------
      Total |      53 |     157 |  74.8 |       2 |       1 |  33.3
            +---------+---------+-------+---------+---------+-------
        D:5 |      53 |     157 |  74.8 |       2 |       1 |  33.3
            +---------+---------+-------+---------+---------+-------
